 Dungeon Crawl Stone Soup version 0.20.1-1-g8b1a95d (webtiles) character file.

26680 mike2R the Basher (level 13, 0/97 HPs)
             Began as a Black Draconian Wizard on July 15, 2017.
             Was an Elder of Yredelemnul.
             Slain by a killer bee (6 damage)
             ... on level 4 of the Lair of Beasts.
             The game lasted 02:31:34 (18549 turns).

mike2R the Basher (Black Draconian Wizard)         Turns: 18549, Time: 02:31:35

Health: 0/97       AC: 16    Str: 10    XL:     13   Next: 0%
Magic:  19/19      EV: 18    Int: 22    God:    Yredelemnul [****..]
Gold:   567        SH:  0    Dex: 11    Spells: 4/20 levels left

rFire    . . .     SeeInvis .   a - +3 whip (elec)
rCold    . . .     Gourm    .   (no shield)
rNeg     + . .     Faith    .   (armour unavailable)
rPois    .         Spirit   .   D - +2 hat
rElec    +         Reflect  .   (no cloak)
rCorr    .         Harm     .   H - +2 pair of gloves
MR       .....                  d - +2 pair of boots
Stlth    ++........             O - amulet of magic regeneration
Regen    0.3/turn               R - ring of positive energy
MPRegen  0.3/turn               G - +5 ring of slaying

@: lethally poisoned (0 -> -4), short of breath, very slightly contaminated
A: breathe lightning, unfitting armour, electricity resistance, cold-blooded, AC
+8
a: Breathe Lightning, Recall Undead Slaves, Injury Mirror, Animate Dead, Drain
Life, Renounce Religion


You were on level 4 of the Lair of Beasts.
You worshipped Yredelemnul.
Yredelemnul was greatly pleased with you.
You were hungry.

You visited 2 branches of the dungeon, and saw 13 of its levels.

You collected 567 gold pieces.

Inventory:

Hand Weapons
 a - a +3 whip of electrocution (weapon)
 b - a +0 shortbow
 B - a +3 mace of freezing
Missiles
 i - 135 arrows
 y - 8 javelins (quivered)
Armour
 d - a +2 pair of boots (worn)
 D - a +2 hat (worn)
 H - a +2 pair of gloves (worn)
Jewellery
 k - an uncursed amulet of the gourmand
 q - an uncursed ring of resist corrosion
 t - an uncursed ring of ice
 F - a +6 ring of strength
 G - a +5 ring of slaying (right hand)
 I - an uncursed ring of flight
 O - an amulet of magic regeneration (around neck)
 R - a ring of positive energy (left hand)
 U - an uncursed amulet of harm
Wands
 h - a wand of confusion (18/48)
 j - a wand of flame (14/48)
 p - a wand of flame (35/48)
 J - a wand of iceblast (6/15)
 K - a wand of polymorph (9/24)
 M - a wand of polymorph (7/24)
 S - a wand of polymorph (9/24)
 V - a wand of confusion (24/48)
 W - a wand of paralysis (7/24)
Scrolls
 l - a scroll of enchant armour
 r - 3 scrolls of amnesia
 v - 2 scrolls of magic mapping
 A - 4 scrolls of remove curse
 L - a scroll of fog
 N - a scroll of teleportation
 P - 2 scrolls of recharging
Potions
 f - 4 potions of mutation
 g - a potion of agility
 m - 2 potions of haste
 n - 2 potions of brilliance
 u - 2 potions of magic
 w - 2 potions of lignification
 x - 3 potions of flight
Books
 Q - a book of Party Tricks

   Spells                             Type                      Level
   a - Summon Butterflies             Summoning                    1
   b - Apportation                    Translocation                1
   c - Lesser Beckoning               Translocation                3
   d - Tukima's Dance                 Hexes                        3
   e - Alistair's Intoxication        Transmutation/Poison         5
   f - Invisibility                   Hexes                        6
Comestibles
 c - 8 bread rations
 o - 4 chunks of flesh
 T - 7 fruits


   Skills:
 - Level 4.3 Fighting
 - Level 12.0 Maces & Flails
 - Level 11.1 Dodging
 - Level 1.7 Stealth
 - Level 4.4 Spellcasting
 - Level 6.1 Conjurations
 - Level 1.0 Summonings
 - Level 1.0 Translocations
 - Level 2.0 Fire Magic
 - Level 2.3 Air Magic
 - Level 2.0 Poison Magic
 - Level 7.0 Invocations
 + Level 8.9 Evocations


You had 4 spell levels left.
You knew the following spells:

 Your Spells              Type           Power        Failure   Level  Hunger
a - Magic Dart            Conj           ####         1%          1    None
b - Blink                 Tloc           N/A          11%         2    #......
c - Call Imp              Summ           #.......     11%         2    #......
d - Conjure Flame         Conj/Fire      ###.....     6%          3    ##.....
e - Mephitic Cloud        Conj/Pois/Air  ###.....     8%          3    ##.....
f - Apportation           Tloc           #.....       7%          1    None
g - Summon Butterflies    Summ           #.......     7%          1    None
h - Tukima's Dance        Hex            #.......     32%         3    ##.....


Dungeon Overview and Level Annotations

Branches:
Dungeon (9/15)             Temple (0/1) D:7            Lair (4/6) D:9
  Swamp (0/4) Lair:2       Spider (0/4) Lair:3
    Orc: D:9-12

Altars:
Ashenzari
Gozag
Makhleb
Nemelex Xobeh
Qazlal
Ru
Sif Muna
Vehumet
Xom
Yredelemnul
The Shining One


Innate Abilities, Weirdness & Mutations

You can breathe wild blasts of lightning.
Your glossy black scales are hard. (AC +8)
You cannot fit into any form of body armour.
You are resistant to electric shocks. (rElec)
You are cold-blooded and may be slowed by cold attacks.


Message History

The killer bee completely misses you. The killer bee closely misses you. x2
The killer bee stings you!
* * * LOW HITPOINT WARNING * * *
You are more poisoned.
The killer bee poisons you! The meliai barely misses you.
The meliai closely misses you.
The killer bee stings you but does no damage.
You feel sick. The killer bee completely misses you.
The killer bee barely misses you. The killer bee stings you.
* * * LOW HITPOINT WARNING * * *
The killer bee closely misses you.
You feel sick. The killer bee closely misses you.
The killer bee barely misses you.
You feel sick.
The killer bee stings you but does no damage.
The killer bee completely misses you. The killer bee misses you.
The killer bee stings you but does no damage.
The killer bee stings you.
You die...
Your body rises from the dead as a mindless zombie.

.......####P..................#
.......####P.#................#
........P#....#...............#
................y..P#.##......#
...............FYH.##.#.......#
........####..yY.l.........#..##
.........##...#.F..###P....##.P##
.......Z#######yy..####....##....
.........# #.@...###.....#....
........## ##.......P....#.....
.........# ##...................
.......### #P...............###.
.......# ###..<..........## ##
.....#.# #......#P..#.## ......##
###...###.#### ##.P.P# ##.## ###
####### ###


You could see 2 elephants, a hippogriff, 2 spiny frogs, a basilisk, a meliai and
3 killer bees.

Vanquished Creatures
  Gastronok (D:8)
  2 two-headed ogres (D:8)
  An elephant (Lair:4)
  A manticore (Lair:4)
  Joseph (D:8)
  3 black mambas
  8 spiny frogs
  A gargoyle (D:9)
  Psyche (D:8)
  3 komodo dragons
  A queen bee (Lair:4)
  A meliai (Lair:3)
  4 blink frogs
  4 dream sheep (Lair:4)
  2 hippogriffs
  A vampire (D:8)
  A wyvern (Lair:4)
  29 yaks
  Grum (D:8)
  A vampire mosquito (Lair:2)
  3 hungry ghosts
  A warg (D:8)
  4 water moccasins
  13 porcupines
  A sky beast (D:6)
  2 ice beasts (D:5)
  3 orc warriors
  An ogre (D:6)
  A centaur (D:9)
  4 crocodiles
  9 wolves
  A big kobold (D:8)
  7 bullfrogs
  A water moccasin zombie (Lair:1)
  30 killer bees
  4 wights (D:8)
  4 howler monkeys
  A wolf zombie (D:8)
  8 crimson imps
  A centaur zombie (D:5)
  A jelly (D:6)
  5 orc wizards
  4 bullfrog skeletons
  A centaur skeleton (D:7)
  6 orc priests
  3 hounds
  Natasha (twice) (D:4)
  A worker ant (D:4)
  3 killer bee zombies
  2 worker ant zombies
  8 adders
  A shadow imp (D:6)
  An orc skeleton (D:9)
  An adder skeleton (D:7)
  A worm (D:6)
  4 leopard geckos
  10 orcs
  11 bats
  5 giant cockroaches
  12 goblins
  5 hobgoblins
  8 jackals
  4 quokkas
  A ball python (D:5)
  A frilled lizard (D:1)
  9 kobolds
  A quokka zombie (D:3)
  5 rats
282 creatures vanquished.

Vanquished Creatures (collateral kills)
  A catoblepas (Lair:2)
  A death yak (Lair:3)
  An elephant (Lair:3)
  A black mamba (Lair:3)
  A spiny frog (Lair:1)
  A rime drake (Lair:1)
  4 komodo dragons
  A troll (D:8)
  2 blink frogs (Lair:2)
  2 dream sheep (Lair:4)
  2 hippogriffs
  Sigmund (D:2)
  A spriggan (D:8)
  A wyvern (Lair:3)
  7 yaks
  A basilisk (Lair:3)
  A warg (D:8)
  3 water moccasins
  A porcupine (Lair:3)
  A black bear (D:6)
  2 ogres
  3 wolves
  A centaur (D:7)
  A crocodile (Lair:3)
  4 bullfrogs
  A wyvern zombie (D:6)
  11 killer bees
  An electric eel (Lair:3)
  3 crimson imps
  An orc wizard (D:7)
  A worker ant (D:4)
  An adder (D:7)
  3 worms (D:2)
  3 dart slugs (D:2)
  7 orcs
  4 hobgoblins
  5 jackals
  A ball python (D:2)
  3 kobolds
  A butterfly (Lair:3)
  10 fungi
  5 plants (Lair:2)
106 creatures vanquished.

Vanquished Creatures (others)
  A black mamba skeleton (Lair:4)
  A spiny frog zombie (Lair:4)
  4 dream sheep zombies (Lair:4)
  4 yak zombies
  2 water moccasin zombies
  2 wights
  A wolf zombie (Lair:4)
  3 bullfrog zombies
  4 porcupine zombies
  14 killer bee zombies (Lair:4)
  2 crocodile zombies
  A hound zombie (D:9)
  An adder (D:3)
  A gnoll zombie (D:8)
  An orc skeleton (D:9)
  A kobold zombie (D:8)
  2 orc zombies (D:8)
  10 fungi
  2 plants
57 creatures vanquished.

Grand Total: 445 creatures vanquished

Notes
Turn   | Place    | Note
-------+----------+-------------------------------------------
     0 | D:1      | mike2R the Draconian Wizard began the quest for the Orb.
     0 | D:1      | Reached XP level 1. HP: 14/14 MP: 4/4
   261 | D:1      | Reached XP level 2. HP: 20/20 MP: 3/6
   265 | D:1      | Learned a level 2 spell: Blink
   268 | D:1      | Learned a level 2 spell: Call Imp
  1452 | D:2      | Reached XP level 3. HP: 26/26 MP: 4/8
  1457 | D:2      | Learned a level 3 spell: Conjure Flame
  1773 | D:2      | Found a burning altar of Makhleb.
  2145 | D:2      | Noticed Sigmund
  2166 | D:2      | Killed Sigmund
  2166 | D:2      | Reached XP level 4. HP: 29/33 MP: 1/10
  2166 | D:2      | Reached XP level 5. HP: 33/38 MP: 1/11
  3012 | D:3      | Found a radiant altar of Vehumet.
  3370 | D:3      | Learned a level 3 spell: Mephitic Cloud
  3682 | D:4      | Found a shimmering altar of Xom.
  4007 | D:4      | Reached skill level 1 in Fire Magic
  4193 | D:4      | Reached skill level 1 in Poison Magic
  4343 | D:4      | Reached skill level 1 in Air Magic
  4343 | D:4      | Reached XP level 6. HP: 45/45 MP: 4/12
  4972 | D:4      | Noticed Natasha
  5067 | D:4      | Killed Natasha
  5067 | D:4      | Reached skill level 1 in Fighting
  5067 | D:4      | Your scales start taking on a glossy black colour.
  5067 | D:4      | Reached XP level 7. HP: 49/52 MP: 10/13
  5067 | D:4      | Gained mutation: You are resistant to electric shocks. (rElec) [Black Draconian growth]
  5410 | D:4      | Noticed Natasha
  5421 | D:4      | Killed Natasha
  5604 | D:5      | Entered Level 5 of the Dungeon
  6183 | D:5      | Found a shattered altar of Ashenzari.
  6185 | D:5      | Found a basalt altar of Yredelemnul.
  6186 | D:5      | Found a sacrificial altar of Ru.
  6197 | D:5      | Found a glowing golden altar of the Shining One.
  6233 | D:5      | Became a worshipper of Yredelemnul the Dark
  6721 | D:6      | Found a sparkling altar of Nemelex Xobeh.
  6914 | D:6      | Reached XP level 8. HP: 65/67 MP: 5/14
  6923 | D:6      | Reached skill level 1 in Maces & Flails
  7130 | D:6      | Reached skill level 2 in Maces & Flails
  7282 | D:6      | Reached skill level 3 in Maces & Flails
  8154 | D:7      | Reached skill level 4 in Maces & Flails
  8247 | D:7      | Reached skill level 5 in Maces & Flails
  8380 | D:7      | Reached * piety under Yredelemnul
  8622 | D:7      | Reached XP level 9. HP: 72/72 MP: 15/15
  8626 | D:7      | Found a staircase to the Ecumenical Temple.
  8833 | D:7      | Found an opulent altar of Gozag.
  9120 | D:8      | Noticed Gastronok
  9128 | D:8      | Killed Gastronok
  9381 | D:8      | Reached XP level 10. HP: 80/80 MP: 14/16
  9385 | D:8      | Noticed Grum
  9463 | D:8      | Killed Grum
  9771 | D:8      | Noticed Joseph
  9772 | D:8      | Your ally Grum died
  9783 | D:8      | Killed Joseph
 10124 | D:8      | Reached ** piety under Yredelemnul
 10178 | D:8      | Noticed a two-headed ogre
 10195 | D:8      | Killed a two-headed ogre
 10195 | D:8      | Reached skill level 10 in Dodging
 10437 | D:8      | Noticed a two-headed ogre
 10451 | D:8      | Killed a two-headed ogre
 10635 | D:8      | Noticed Psyche
 10644 | D:8      | Killed Psyche
 10771 | D:8      | Reached skill level 5 in Conjurations
 11117 | D:9      | Found a staircase to the Lair.
 11530 | D:9      | Reached skill level 1 in Invocations
 11578 | D:9      | Found a stormy altar of Qazlal.
 11630 | D:9      | Noticed a gargoyle
 11638 | D:9      | Killed a gargoyle
 11638 | D:9      | Reached XP level 11. HP: 46/85 MP: 17/17
 12355 | Lair:1   | Entered Level 1 of the Lair of Beasts
 12413 | Lair:1   | Reached skill level 5 in Invocations
 12515 | Lair:1   | Reached *** piety under Yredelemnul
 12719 | Lair:1   | Found a deep blue altar of Sif Muna.
 13407 | Lair:1   | Reached skill level 6 in Maces & Flails
 13839 | Lair:1   | Reached skill level 7 in Maces & Flails
 14233 | Lair:1   | Reached skill level 8 in Maces & Flails
 14453 | Lair:2   | Noticed a catoblepas
 14468 | Lair:2   | Killed a catoblepas
 14597 | Lair:2   | Reached skill level 9 in Maces & Flails
 15068 | Lair:2   | Reached XP level 12. HP: 44/92 MP: 18/18
 15333 | Lair:2   | Reached skill level 10 in Maces & Flails
 15493 | Lair:2   | Found a staircase to the Swamp.
 15715 | Lair:2   | Learned a level 1 spell: Apportation
 15717 | Lair:2   | Learned a level 1 spell: Summon Butterflies
 15722 | Lair:2   | Learned a level 3 spell: Tukima's Dance
 16013 | Lair:3   | Reached **** piety under Yredelemnul
 16013 | Lair:3   | Received a gift from Yredelemnul (a wight)
 16234 | Lair:3   | Reached skill level 11 in Maces & Flails
 16368 | Lair:3   | Found a hole to the Spider Nest.
 16870 | Lair:3   | Reached skill level 12 in Maces & Flails
 17126 | Lair:4   | Reached skill level 5 in Evocations
 17658 | Lair:4   | HP: 2/138 [black mamba (8)]
 17715 | Lair:3   | Received a gift from Yredelemnul (a wight)
 17937 | Lair:4   | Noticed a death yak
 18517 | Lair:3   | Killed a death yak
 18537 | Lair:4   | Reached XP level 13. HP: 38/97 MP: 17/19
 18549 | Lair:4   | Slain by a killer bee

Skill      XL: |  1  2  3  4  5  6  7  8  9 10 11 12 |
---------------+-------------------------------------+-----
Conjurations   | 2 3 4 6 |  6.1
Spellcasting   | 4 |  4.4
Fire Magic     | 1 2 |  2.0
Poison Magic   | 1 2 |  2.0
Air Magic      | 1 2 |  2.3
Dodging        | 2 4 8 11 | 11.1
Fighting       | 1 4 |  4.3
Maces & Flails | 5 9 12 | 12.0
Evocations     | 4 8 |  8.9
Invocations    | 2 7 |  7.0
Stealth        | |  1.7
Summonings     | |  1.0
Translocations | |  1.0

Action                   |  1- 3 |  4- 6 |  7- 9 | 10-12 | 13-15 || total
-------------------------+-------+-------+-------+-------+-------++-------
Melee: Dagger            |    14 |       |       |       |       ||    14
       Tailslap          |     3 |     8 |    15 |    55 |       ||    81
       Unarmed           |     1 |       |       |       |       ||     1
       Whip              |       |    82 |   148 |   558 |       ||   788
       Scythe            |       |     4 |       |       |       ||     4
 Fire: Shortbow          |       |       |     5 |   133 |       ||   138
 Cast: Magic Dart        |    62 |    65 |   118 |    58 |       ||   303
       Call Imp          |    23 |    22 |    28 |    16 |       ||    89
       Mephitic Cloud    |       |     4 |     7 |    36 |       ||    47
       Conjure Flame     |       |     4 |     3 |     6 |       ||    13
       Blink             |       |     4 |       |     2 |       ||     6
       Summon Butterflie |       |       |       |     1 |       ||     1
Invok: Animate Remains   |       |       |     6 |    21 |       ||    27
       Recall Undead Sla |       |       |       |     8 |       ||     8
       Injury Mirror     |       |       |       |     1 |       ||     1
       Animate Dead      |       |       |       |    39 |       ||    39
       Drain Life        |       |       |       |     1 |       ||     1
 Abil: Breathe Lightning |       |       |     1 |     6 |     1 ||     8
Evoke: Wand              |       |       |       |     7 |       ||     7
  Use: Scroll            |     3 |    11 |    13 |    17 |     1 ||    45
       Potion            |       |       |     1 |    12 |       ||    13
 Stab: Confused          |       |     2 |       |    10 |       ||    12
       Sleeping          |       |     1 |       |       |       ||     1
       Distracted        |       |       |     2 |     3 |       ||     5
       Paralysed         |       |       |       |     2 |       ||     2
  Eat: Chunk             |    15 |     9 |    15 |    19 |       ||    58
       Royal jelly       |       |       |     1 |     6 |       ||     7
       Fruit             |       |       |     1 |     4 |       ||     5
       Bread ration      |       |       |     1 |     1 |       ||     2
       Meat ration       |       |       |       |     3 |       ||     3
Armor: Skin              |     7 |    45 |    60 |   330 |     7 ||   449
Dodge: Dodged            |    15 |    61 |    77 |   414 |    16 ||   583
